Map: Old Republic LE

Players

IIIIIIIIIIII - Winner!

  • Race: Protoss Protoss
  • League: Gold
  • Spawn Location: 1:00

SCIInewby

  • Race: Zerg Zerg
  • League: Master
  • Spawn Location: 7:00

VOD

Have the link to the VOD?

Description

Time

  • Played on: Feb. 6, 2026, 12:51 p.m.
  • Length: 14:26
Show
View Real Time Build Order
Export as new Build Order

IIIIIIIIIIII Protoss - Winner!

Build Orders: 1 Gate Expand, Oracle Opening 

Get SALT Encoding   

  12  0:01  Probe  
  13  0:13  Probe  
  14  0:18  Pylon  
  14  0:24  Probe  
  15  0:32  Probe  
  15  0:38  Gateway  
  15  0:40  Probe  
  16  0:46  Assimilator  
  17  0:51  Probe  
  18  1:03  Probe  
  19  1:16  Probe  
  20  1:25  Nexus  
  20  1:35  Cybernetics Core  
  20  1:38  Probe  
  21  1:42  Assimilator  
  21  1:50  Probe  
  21  1:54  Pylon  
  22  2:01  Adept  
  22  2:02  Probe  
  23  2:12  Warp Gate  
  25  2:18  Gateway  
  25  2:22  Adept  
  25  2:24  Probe  
  28  2:41  Probe  
  29  2:44  Probe  
  29  2:47  Stargate  
  30  2:51  Adept  
  30  2:54  Probe  
  30  2:56  Probe  
  30  2:58  Shield Battery  
  34  3:04  Probe  
  34  3:06  Probe  
  36  3:12  Probe  
  36  3:17  Pylon  
  36  3:18  Probe  
  38  3:23  Probe  
  39  3:30  Probe  
  40  3:35  Probe  
  40  3:39  Oracle  
  41  3:50  Probe x2  
  44  4:02  Probe  
  43  4:03  Probe  
  43  4:05  Adept x2  
  43  4:06  Nexus  
  43  4:08  Pylon  
  48  4:14  Probe  
  48  4:15  Probe  
  48  4:16  Assimilator  
  50  4:17  Void Ray  
  50  4:18  Assimilator  
  54  4:26  Probe  
  54  4:27  Probe  
  56  4:31  Gateway  
  56  4:36  Shield Battery  
  56  4:38  Probe  
  56  4:39  Pylon  
  56  4:42  Twilight Council  
  56  4:44  Probe  
  58  4:52  Probe  
  59  4:56  Probe  
  60  5:04  Probe  
  61  5:09  Forge  
  61  5:11  Fleet Beacon  
  61  5:14  Probe  
  62  5:15  Pylon  
  62  5:16  Probe  
  62  5:18  Adept  
  62  5:20  Probe  
  66  5:22  Pylon  
  66  5:26  Probe  
  67  5:35  Probe x2  
  69  5:36  Blink  
  69  5:40  Templar Archives  
  69  5:41  Protoss Ground Weapons Level 1  
  69  5:43  Gateway  
  69  5:44  Probe  
  69  5:47  Probe x2  
  72  5:56  Probe  
  73  5:59  Probe  
  74  6:06  Nexus  
  74  6:08  Pylon  
  75  6:13  Mothership  
  75  6:14  Probe  
  75  6:15  Probe  
  75  6:17  Assimilator  
  84  6:22  Assimilator  
  84  6:23  Gateway  
  84  6:27  Probe x2  
  84  6:31  Stalker x2  
  90  6:35  Sentry  
  90  6:39  Probe  
  93  6:46  Probe  
  94  6:49  Photon Cannon  
  94  6:50  Photon Cannon  
  94  6:51  Gateway  
  94  6:52  Shield Battery  
  94  6:54  Probe  
  94  6:55  Pylon  
  94  6:57  Assimilator  
  94  6:58  Probe  
  94  7:00  Psionic Storm, Assimilator  
  96  7:01  High Templar  
  96  7:06  Probe  
  99  7:10  Probe  
  99  7:12  Pylon  
  99  7:15  Gateway  
  100  7:18  Probe  
  101  7:23  Probe  
  101  7:29  Stalker x3  
  108  7:30  Stalker  
  108  7:31  Probe  
  111  7:38  Probe  
  111  7:40  Probe  
  111  7:42  High Templar  
  115  7:47  Probe x2  
  115  7:50  Probe  
  115  7:51  Protoss Ground Weapons Level 2  
  118  7:52  Probe  
  118  7:55  Stalker x4  
  118  7:56  High Templar  
  129  7:59  Probe  
  129  8:02  Robotics Facility, Probe  
  129  8:03  Gateway  
  129  8:04  Probe  
  129  8:05  Probe  
  133  8:07  Pylon  
  133  8:09  Pylon  
  133  8:11  Probe  
  134  8:14  Probe  
  134  8:17  Probe  
  136  8:31  Probe  
  136  8:33  Probe  
  138  8:47  Nexus  
  138  8:49  Pylon  
  138  8:51  Pylon  
  138  8:52  Photon Cannon  
  138  8:53  Pylon, Photon Cannon  
  138  8:54  Shield Battery  
  138  8:56  Photon Cannon x2  
  138  9:00  Photon Cannon  
  138  9:01  Phoenix  
  140  9:02  Pylon  
  140  9:06  Photon Cannon  
  140  9:08  Photon Cannon  
  140  9:12  Photon Cannon  
  140  9:14  Photon Cannon  
  140  9:15  Photon Cannon  
  140  9:18  Photon Cannon  
  140  9:20  Photon Cannon  
  140  9:22  Shield Battery  
  140  9:26  Shield Battery, Phoenix, High Templar x7  
  140  9:27  High Templar, Assimilator  
  140  9:28  Probe  
  159  9:32  Assimilator, Probe  
  160  9:51  Phoenix  
  162  9:59  Forge  
  162  10:02  Forge  
  162  10:03  Gateway  
  162  10:05  Protoss Shields Level 1, Nexus  
  162  10:06  Gateway  
  162  10:07  Nexus  
  162  10:09  Gateway  
  162  10:10  Pylon x2  
  162  10:11  Pylon  
  162  10:13  Pylon x2  
  162  10:15  Unknown  
  162  10:16  Pylon  
  162  10:17  Photon Cannon  
  162  10:21  Gateway  
  162  10:22  Gateway  
  162  10:26  Anion Pulse-Crystals, Protoss Air Weapons Level 1  
  162  10:49  Photon Cannon  
  162  10:50  Protoss Ground Weapons Level 3  
  162  10:51  Photon Cannon  
  162  11:02  Protoss Ground Armor Level 1  
  162  11:07  Photon Cannon  
  162  11:08  Photon Cannon  
  162  11:10  Photon Cannon, High Templar x2  
  162  11:11  Photon Cannon  
  166  11:12  Photon Cannon  
  166  11:13  Photon Cannon  
  166  11:16  Photon Cannon  
  166  11:18  Photon Cannon  
  166  11:19  Photon Cannon  
  166  11:20  Pylon, Photon Cannon  
  166  11:22  Photon Cannon  
  166  11:23  Photon Cannon x2  
  166  11:26  Photon Cannon  
  166  11:28  Photon Cannon  
  166  11:31  Observer  
  167  11:34  Photon Cannon  
  167  11:36  Gateway  
  167  11:37  Sentry x3, Photon Cannon  
  167  11:38  Sentry, Protoss Shields Level 2  
  167  11:39  Sentry  
  177  11:40  Sentry  
  177  11:41  Sentry  
  177  11:42  Sentry  
  177  11:43  Sentry  
  177  11:44  Sentry  
  177  11:45  Sentry  
  177  11:46  Sentry x2  
  193  11:49  Warp Prism  
  193  11:50  Assimilator  
  195  11:54  Assimilator  
  195  12:04  Probe  
  190  12:37  Nexus  
  190  12:42  High Templar x2  
  190  12:43  High Templar x4  
  200  13:06  Pylon  
  200  13:08  Pylon  
  200  13:11  Pylon  
  200  13:12  Assimilator  
  200  13:17  Assimilator  
Show
View Real Time Build Order
Export as new Build Order

SCIInewby Zerg 

Build Orders: Pool First 

Get SALT Encoding   

  12  0:01  Drone  
  13  0:11  Drone  
  14  0:17  Extractor  
  14  0:18  Drone  
  15  0:26  Overlord  
  15  0:40  Spawning Pool  
  14  0:46  Drone  
  14  0:47  Drone  
  16  0:50  Drone  
  16  0:53  Extractor  
  16  1:01  Drone  
  17  1:09  Drone  
  18  1:21  Drone  
  19  1:37  Hatchery  
  18  1:40  Zergling x2  
  18  1:44  Zergling x2  
  18  1:46  Queen  
  22  2:09  Overlord  
  22  2:10  Overlord  
  22  2:21  Metabolic Boost  
  22  2:30  Zergling x4  
  22  2:44  Drone  
  23  2:55  Drone  
  23  2:56  Drone  
  24  3:01  Queen  
  24  3:04  Lair  
  26  3:06  Drone x4  
  30  3:16  Spore Crawler  
  29  3:20  Drone  
  29  3:22  Spine Crawler  
  24  3:36  Spine Crawler  
  21  3:45  Zergling x8  
  22  3:50  Drone  
  21  3:58  Drone x2  
  21  4:18  Roach Warren  
  20  4:26  Drone x2  
  22  4:35  Drone  
  23  4:40  Drone  
  23  4:43  Drone  
  25  4:48  Drone  
  22  4:54  Drone  
  23  5:05  Spore Crawler  
  22  5:08  Drone  
  18  5:33  Drone x5  
  22  5:39  Roach  
  24  5:45  Extractor  
  24  5:49  Drone  
  24  5:53  Drone  
  25  5:57  Drone  
  25  6:01  Drone  
  27  6:09  Burrow  
  27  6:16  Drone x2  
  29  6:20  Drone  
  29  6:48  Roach  
  29  6:49  Roach x3, Spore Crawler  
  36  6:55  Spire  
  36  6:56  Drone  
  36  7:03  Overlord  
  36  7:20  Overlord x3  
  34  7:31  Drone x3  
  29  7:59  Drone x4  
  29  8:00  Drone x4  
  29  8:03  Extractor  
  29  8:04  Mutalisk  
  38  8:05  Extractor  
  38  8:10  Mutalisk  
  38  8:27  Zergling x6, Mutalisk  
  42  8:38  Mutalisk x2  
  46  8:44  Mutalisk x2  
  50  8:49  Mutalisk  
  50  8:53  Mutalisk  
  54  8:56  Drone x2  
  54  9:02  Drone x2  
  58  9:03  Drone  
  50  9:31  Mutalisk  
  50  9:32  Mutalisk  
  50  9:33  Zergling x4  
  50  9:34  Zergling x8  
  59  9:39  Zergling x2  
  59  9:40  Zergling x2  
  59  9:42  Overlord x3  
  60  9:54  Overlord  
  60  10:04  Overseer  
  60  10:08  Queen  
  60  10:10  Zergling x8  
  66  10:18  Mutalisk x2  
  60  10:35  Zergling x2  
  60  10:36  Zergling x6  
  60  10:37  Zergling x2  
  60  10:38  Hatchery  
  52  10:45  Mutalisk  
  52  10:46  Mutalisk  
  46  11:07  Zergling x8  
  46  11:08  Zergling x4  
  47  11:27  Drone x5, Hydralisk Den  
  47  11:28  Drone x2  
  53  11:38  Corruptor x2  
  57  11:41  Corruptor  
  59  11:51  Roach x2  
  59  11:53  Drone  
  64  11:56  Overlord  
  64  12:00  Roach  
  66  12:08  Queen  
  68  12:10  Corruptor  
  68  12:36  Corruptor x3  
  68  12:37  Corruptor  
  73  12:51  Infestation Pit  
  72  12:52  Mutalisk  
  72  12:53  Mutalisk  
  76  13:04  Drone x8, Extractor  
  83  13:12  Extractor  
  82  13:22  Mutalisk  
  82  13:23  Mutalisk  
  86  13:28  Drone x5  
  87  13:39  Mutalisk x2  
  71  13:49  Mutalisk  
  71  13:50  Mutalisk  
  71  13:51  Zergling x2  
  71  13:52  Zergling x8  
  76  13:56  Mutalisk  
  76  14:02  Mutalisk  
  68  14:03  Zergling x4  
  68  14:09  Zergling x2  
Tags
 
Add a new tag
Caveats
  • Supply blocks, unpowered buildings, or Contaminate may cause inaccurate times.
  • Supply counts are checked every 10 seconds.